 Dungeon Crawl Stone Soup version 0.14.0-26-g1682e81 (webtiles) character file.

667 Leibowitz the Skirmisher (level 7, -4/44 HPs)
             Began as a Kobold Fighter on Apr 26, 2014.
             Slain by a slave (6 damage)
             ... led by Pikel
             ... on Level 4 of the Dungeon.
             The game lasted 00:12:40 (2925 turns).

Leibowitz the Skirmisher (Kobold Fighter)           Turns: 2925, Time: 00:12:41

HP  -4/44        AC  5     Str 20      XL: 7   Next: 46%
MP   7/7         EV 18     Int  6      God:
Gold 146         SH 12     Dex 17      Spells:  0 memorised,  6 levels left

rFire  . . .     SeeInvis .     a - +1,+3 dagger (venom)
rCold  . . .     Clarity  .     v - +0 leather armour
rNeg   . . .     Conserve .     c - +0 buckler
rPois  .         rCorr    .     (no helmet)
rElec  .         rRot     .     h - +1 cloak
SustAb . .       Spirit   .     (no gloves)
rMut   .         Warding  .     (no boots)
Saprov + + .     Stasis   .     (no amulet)
MR     .....                    k - +3 ring of evasion
                                q - ring of sustenance

@: mighty, very slightly contaminated, hasted, very quick, not resistant to
hostile enchantments, stealthy
A: disease resistance, carnivore 3, saprovore 2
a: no special abilities


You were on level 4 of the Dungeon.
You were completely stuffed.

You visited 1 branch of the dungeon, and saw 4 of its levels.

You collected 146 gold pieces.

Inventory:

Hand weapons
 a - a +1,+3 dagger of venom (weapon)
 j - a cursed +0,+0 cutlass
Missiles
 i - 43 poisoned needles
 s - 26 stones (quivered)
Armour
 c - a +0 buckler (worn)
 h - a +1 cloak (worn)
 v - a +0 leather armour (worn)
Magical devices
 t - a wand of teleportation (5)
 y - a wand of fire (11)
Comestibles
 d - a meat ration
 u - a rotting chunk of bat flesh
 A - 2 rotting chunks of human flesh
Scrolls
 g - a scroll of enchant weapon II
 o - 2 scrolls of remove curse
 p - a scroll of magic mapping
 r - 2 scrolls of fear
 w - a scroll of identify
 x - a scroll of amnesia
 z - a scroll of teleportation
Jewellery
 b - an uncursed ring of sustain abilities
 k - a +3 ring of evasion (right hand)
 q - a ring of sustenance (left hand)
Potions
 e - a potion of might
 f - a potion of magic
 l - a potion of curing
 m - a potion of heal wounds


   Skills:
 * Level 4.7 Fighting
 + Level 4.5 Short Blades
 + Level 2.7 Armour
 * Level 4.6 Dodging
 * Level 3.6 Stealth
 * Level 3.6 Shields


You had 6 spell levels left.
You didn't know any spells.

Dungeon Overview and Level Annotations

Branches:
Dungeon (4/15)
 Temple: D:4-7

Altars:


Innate Abilities, Weirdness & Mutations

You recuperate from illness quickly.
You are small and have problems with some larger weapons.
You are carnivorous and can eat meat at any time.
You can eat rotten meat.


Message History

The slave hits you! Menkaure hits you!
* * * LOW HITPOINT WARNING * * *
Things that are here:
a dagger; a kobold corpse You puncture Menkaure!
Menkaure is heavily damaged.
The slave hits you.
* * * LOW HITPOINT WARNING * * *
Menkaure closely misses you.
You slash Menkaure!
Menkaure is almost destroyed.
You hit Menkaure.
Menkaure is almost destroyed.
Menkaure closely misses you. The slave completely misses you.
You puncture Menkaure!
You destroy Menkaure!
You feel nervous for a moment...
Your +0,+0 cutlass glows black for a moment.
The slave hits you.
You die...

# ###. ..##### ####.##..
#.....#.## ## .
#..?.....##.# ..
#.......#.@###
..#####.......#.#@.##
..(((....@M....#@@#.###
..........########.##.##
..........# ######...##
.......@.K# #.#.#.##..##
.......@..# #..#..##.#.##
.....(....#####...###..##.#
...................#...####
......)............<####
.............(....##<#


You could see 2 slaves.

Vanquished Creatures
  Eustachio (D:3)
  Menkaure (D:4)
  2 iguanas
  2 orc wizards (D:3)
  Ijyb (D:2)
  Terence (D:2)
  5 adders
  A giant mite (D:2)
  A giant gecko (D:2)
  3 oozes
  8 orcs
  12 bats
  6 hobgoblins
  4 quokkas
  A ball python (D:2)
  3 giant cockroaches
  12 goblins
  8 jackals
  13 kobolds
  13 rats
98 creatures vanquished.

Notes
Turn   | Place    | Note
--------------------------------------------------------------
     0 | D:1      | Leibowitz, the Kobold Fighter, began the quest for the Orb.
     0 | D:1      | Reached XP level 1. HP: 14/14 MP: 1/1
   123 | D:1      | Reached XP level 2. HP: 9/19 MP: 2/2
   291 | D:1      | Reached skill level 1 in Dodging
   661 | D:1      | Reached skill level 1 in Stealth
   661 | D:1      | Reached XP level 3. HP: 19/23 MP: 3/3
  1213 | D:2      | Reached XP level 4. HP: 25/28 MP: 4/4
  1336 | D:2      | Noticed Terence
  1356 | D:2      | Noticed Ijyb
  1428 | D:2      | Killed Ijyb
  1600 | D:2      | Reached XP level 5. HP: 33/33 MP: 5/5
  1693 | D:2      | Killed Terence
  2009 | D:3      | Reached skill level 4 in Fighting
  2563 | D:4      | Noticed Eustachio
  2564 | D:4      | Reached XP level 6. HP: 38/38 MP: 6/6
  2610 | D:3      | Killed Eustachio
  2610 | D:3      | Reached XP level 7. HP: 37/44 MP: 7/7
  2898 | D:4      | Noticed a slave
  2898 | D:4      | Noticed a slave
  2901 | D:4      | Noticed a slave
  2903 | D:4      | Noticed Menkaure
  2920 | D:4      | HP: 2/44 [Menkaure (12)]
  2924 | D:4      | Killed Menkaure
  2925 | D:4      | Slain by a slave

Action                   |  1- 3 |  4- 6 |  7- 9 || total
-------------------------+-------+-------+-------++-------
Melee: Cutlass           |    41 |       |       ||    41
       Dagger            |    70 |   163 |    28 ||   261
Throw: Throwing net      |       |     1 |       ||     1
Evoke: Wand              |       |     1 |       ||     1
  Use: Scroll            |       |    10 |     1 ||    11
       Potion            |       |     2 |     2 ||     4
 Stab: Sleeping          |       |     4 |       ||     4
